 Dungeon Sprint DCSS version 0.18-a0-1639-g7533f42 (webtiles) character file.

359 Zhokez the Arsonist (level 6, -35/36 HPs)
             Began as a Deep Elf Fire Elementalist on Mar 27, 2016.
             Was a Believer of Sif Muna.
             Engulfed by a cloud of flame (36 damage)
             ... in the Dungeon (Sprint IX: "|||||||||||||||||||||||||||||").
             The game lasted 00:03:17 (512 turns).

Zhokez the Arsonist (Deep Elf Fire Elementalist)     Turns: 512, Time: 00:03:19

Health: -35/36     AC:  9    Str:  5    XL:     6   Next: 37%
Magic:  2/19       EV: 20    Int: 21    God:    Sif Muna [**....]
Gold:   0          SH:  0    Dex: 22    Spells: 4 memorised, 10 levels left

rFire  . . .     SeeInvis .     a - +2 halberd (protect)
rCold  . . .     Gourm    .     o - +0 robe
rNeg   . . .     Faith    .     (shield currently unavailable)
rPois  .         Spirit   .     (no helmet)
rElec  .         Dismiss  .     (no cloak)
rCorr  .         Reflect  .     q - +0 pair of gloves
SustAt .         Harm     .     r - +0 pair of boots
MR     .....     NoTele   +     (no amulet)
Stlth  +++.......               t - +3 ring of dexterity
                                s - +3 ring of dexterity

@: not resistant to hostile enchantments, fairly stealthy
A: no striking features
a: Channel Energy, Renounce Religion


You were in the Dungeon.
You worshipped Sif Muna.
Sif Muna was pleased with you.
You were not hungry.

You visited 1 branch

Inventory:

Hand Weapons
 a - a +2 halberd of protection (weapon)
 p - a +2 rapier of electrocution
Armour
 o - a +0 robe (worn)
 q - a +0 pair of gloves (worn)
 r - a +0 pair of boots (worn)
Magical Staves
 b - an uncursed staff of energy
Jewellery
 s - a +3 ring of dexterity (left hand)
 t - a +3 ring of dexterity (right hand)
Wands
 m - a wand of acid (4/15)
Scrolls
 i - 2 scrolls of blinking
 k - 3 scrolls of remove curse
 l - 2 scrolls of amnesia
Potions
 d - 5 potions of curing
 e - 3 potions of heal wounds
 f - a potion of haste
 g - 4 potions of magic
 j - a potion of invisibility
Books
 n - a book of Flames

   Spells                             Type                      Level
   a - Flame Tongue                   Conjuration/Fire             1
   b - Throw Flame                    Conjuration/Fire             2
   c - Conjure Flame                  Conjuration/Fire             3
   d - Inner Flame                    Hexes/Fire                   3
   e - Sticky Flame                   Conjuration/Fire             4
   f - Fireball                       Conjuration/Fire             5
Comestibles
 c - a bread ration


   Skills:
 + Level 2.6 Fighting
 + Level 8.4 Dodging
 - Level 2.7 Stealth
 - Level 0.7 Unarmed Combat
 + Level 8.2 Spellcasting
 + Level 3.7 Conjurations
 + Level 1.6 Hexes
 + Level 10.0 Fire Magic
 + Level 1.5 Evocations


You had 10 spell levels left.
You knew the following spells:

 Your Spells              Type           Power        Failure   Level  Hunger
a - Flame Tongue          Conj/Fire      #####        1%          1    None
b - Conjure Flame         Conj/Fire      #####...     1%          3    None
c - Sticky Flame          Conj/Fire      #####...     6%          4    ###....
d - Inner Flame           Hex/Fire       ####....     2%          3    None


Dungeon Overview and Level Annotations

Branches:
Dungeon (1/1)

Altars:
Cheibriados
Dithmenos
Elyvilon
Fedhas
Gozag
Kikubaaqudgha
Makhleb
Nemelex Xobeh
Okawaru
Pakellas
Qazlal
Ru
Sif Muna
Trog
Vehumet
Xom
Yredelemnul
Zin
The Shining One
Beogh
Jiyva
Lugonu


Message History

This wand has 4 charges left.
A sky beast appears from thin air!
Reactivating autopickup.
The sky beast hits you but does no damage.
You puncture the sky beast!
The sky beast explodes!
The fiery explosion engulfs you!
Ouch! That really hurt!
* * * LOW HITPOINT WARNING * * *
Sif Muna is protecting you from the effects of miscast magic.
Your Dodging skill increases to level 8!
Your Spellcasting skill increases to level 8!
Your Fire Magic skill increases to level 10!
You have reached level 6!
Your experience leads to an increase in your attributes!
Your base attributes are Str 5, Int 20, Dex 16.
Increase (S)trength, (I)ntelligence, or (D)exterity?
You feel clever.
You are engulfed in roaring flames.
Ouch! That really hurt!
You die...

▓.▓
▓.▓
▓.▓
▓.▓
▓C▓
▓§▓
▓§▓
▓@▓
▓.▓
▓[▓
▓.▓
▓.▓
▓)▓
▓.▓
▓.▓
▓.▓


You could see a hill giant.

Vanquished Creatures
  A yak (D)
  A sky beast (D)
  An ogre (D)
  An iguana (D)
  A shadow imp (D)
  An orc (D)
  A bat zombie (D)
  2 jackals (D)
  A ball python skeleton (D)
  2 bats (D)
  2 rats (D)
14 creatures vanquished.

Notes
Turn   | Place    | Note
--------------------------------------------------------------
     0 | D        | Zhokez the Deep Elf Fire Elementalist began the quest for the Orb.
     0 | D        | Reached XP level 1. HP: 10/10 MP: 6/6
    24 | D        | Reached skill level 4 in Fire Magic
   234 | D        | Noticed an iguana
   234 | D        | Noticed an ogre
   251 | D        | Killed an ogre
   251 | D        | Reached skill level 1 in Fighting
   251 | D        | Reached skill level 5 in Dodging
   251 | D        | Reached skill level 5 in Spellcasting
   251 | D        | Reached skill level 6 in Fire Magic
   251 | D        | Reached XP level 2. HP: 4/16 MP: 6/10
   251 | D        | Reached XP level 3. HP: 5/20 MP: 7/12
   251 | D        | Reached XP level 4. HP: 6/25 MP: 7/13
   255 | D        | Reached skill level 7 in Fire Magic
   270 | D        | Learned a level 3 spell: Conjure Flame
   275 | D        | Learned a level 4 spell: Sticky Flame
   279 | D        | Learned a level 3 spell: Inner Flame
   293 | D        | Found a glowing silver altar of Zin.
   293 | D        | Found a glowing golden altar of the Shining One.
   293 | D        | Found an ancient bone altar of Kikubaaqudgha.
   293 | D        | Found a basalt altar of Yredelemnul.
   293 | D        | Found a shimmering altar of Xom.
   293 | D        | Found a radiant altar of Vehumet.
   294 | D        | Found an iron altar of Okawaru.
   295 | D        | Found a burning altar of Makhleb.
   296 | D        | Found a deep blue altar of Sif Muna.
   297 | D        | Found a bloodstained altar of Trog.
   298 | D        | Found a sparkling altar of Nemelex Xobeh.
   299 | D        | Found a white marble altar of Elyvilon.
   300 | D        | Found a roughly hewn altar of Beogh.
   301 | D        | Found a viscous altar of Jiyva.
   302 | D        | Found a corrupted altar of Lugonu.
   303 | D        | Found a blossoming altar of Fedhas.
   304 | D        | Became a worshipper of Sif Muna the Loreminder
   305 | D        | Found a snail-covered altar of Cheibriados.
   306 | D        | Found a shadowy altar of Dithmenos.
   307 | D        | Found a stormy altar of Qazlal.
   308 | D        | Found an opulent altar of Gozag.
   309 | D        | Found a sacrificial altar of Ru.
   310 | D        | Found an oddly glowing altar of Pakellas.
   499 | D        | Noticed a hill giant
   499 | D        | Noticed a yak
   499 | D        | Noticed a sky beast
   511 | D        | Killed a yak
   511 | D        | Reached * piety under Sif Muna
   511 | D        | Reached skill level 1 in Hexes
   511 | D        | Reached skill level 9 in Fire Magic
   511 | D        | Reached skill level 1 in Evocations
   511 | D        | Reached XP level 5. HP: 28/30 MP: 2/17
   512 | D        | Killed a sky beast
   512 | D        | HP: 1/30 [sky beast/exploding inner flame[the player character] (27)]
   512 | D        | Reached ** piety under Sif Muna
   512 | D        | Reached skill level 10 in Fire Magic
   512 | D        | Reached XP level 6. HP: 1/36 MP: 2/19
   512 | D        | Engulfed by a cloud of flame

Vault maps used:
D:        linesprint

Skill      XL: |  1  2  3  4  5 |
---------------+----------------+-----
Fire Magic     | 6 9 10 | 10.0
Dodging        | 5 7 8 |  8.4
Fighting       | 1 2 |  2.6
Spellcasting   | 5 7 8 |  8.2
Conjurations   | 2 3 |  3.7
Hexes          | 1 |  1.6
Evocations     | 1 |  1.5
Stealth        | |  2.7
Unarmed Combat | |  0.7

Action                   |  1- 3 |  4- 6 || total
-------------------------+-------+-------++-------
Melee: Unarmed           |    24 |     9 ||    33
       Halberd           |       |     1 ||     1
 Cast: Flame Tongue      |     8 |     7 ||    15
       Conjure Flame     |       |     1 ||     1
       Inner Flame       |       |     1 ||     1
Evoke: Wand              |       |     3 ||     3
  Use: Potion            |     1 |       ||     1
